[Event "Titled Tuesday Blitz May 16 Early 2023"]
[White "Hakobyan, Aram"]
[Black "Mamedyarov, Shakhriyar"]
[WhiteFideId "13306677"]
[BlackFideId "13401319"]
[WhiteElo "2584"]
[BlackElo "2704"]
[Result "0-1"]
[Round "10"]
[TimeControl "180+2"]
[Date "2023.05.16"]
[WhiteClock "0:00:00"]
[BlackClock "0:00:51"]

1. d4 d5 2. c4 c5 3. cxd5 Qxd5 4. Nf3 cxd4 5. Nc3 Qa5 6. Nxd4 Nf6 7. g3 e5 8. Nb3 Qc7 9. Bg2 Bb4 10. O-O Bxc3 11. bxc3 O-O 12. Bg5 Rd8 13. Qc2 Nbd7 14. c4 a5 15. Rab1 h6 16. Bxf6 Nxf6 17. Nd2 Rb8 18. Rfc1 b6 19. c5 bxc5 20. Rxb8 Qxb8 21. Nb3 a4 22. Nxc5 a3 23. h3 Qb5 24. e3 e4 25. Nxe4 Nxe4 26. Qxe4 Be6 27. Qc2 Qb2 28. Qc7 Rd7 29. Qc8+ Kh7 30. Qc2+ g6 31. Be4 Rd2 32. Qc7 Rxf2 33. Rc6 Rd2 34. Bc2 Bd5 0-1


[Site "https://www.chess.com"]

[Event "Titled Tuesday Blitz May 16 Early 2023"]
[White "Tabatabaei, M. Amin"]
[Black "Andreikin, Dmitry"]
[WhiteFideId "12521213"]
[BlackFideId "4158814"]
[WhiteElo "2575"]
[BlackElo "2736"]
[Result "1-0"]
[Round "10"]
[TimeControl "180+2"]
[Date "2023.05.16"]
[WhiteClock "0:00:10"]
[BlackClock "0:00:00"]

1. c4 e5 2. g3 d6 3. Nc3 Nc6 4. Bg2 g6 5. Rb1 a5 6. e3 Bg7 7. Nge2 Nge7 8. O-O h5 9. h4 Bg4 10. a3 Qd7 11. b4 axb4 12. axb4 g5 13. hxg5 h4 14. f3 Bf5 15. Ne4 Bxe4 16. fxe4 Qg4 17. Nc3 Qxg5 18. Qf3 hxg3 19. Nd5 O-O-O 20. b5 Nxd5 21. bxc6 Nf4 22. exf4 exf4 23. cxb7+ Kb8 24. Rd1 Bd4+ 25. Kf1 Rh2 26. Qa3 Ba7 27. Ra1 Qc5 28. Qxc5 dxc5 29. Ra3 Rd4 30. Rf3 Rxc4 31. Rxf4 Rc2 32. e5 c4 33. e6 Bc5 34. exf7 c3 35. f8=Q+ Bxf8 36. Rxf8+ Ka7 37. b8=Q+ Ka6 38. Qb7+ 1-0


[Site "https://www.chess.com"]

[Event "Titled Tuesday Blitz May 16 Early 2023"]
[White "Le, Tuan Minh"]
[Black "Steinberg, Nitzan"]
[WhiteFideId "12401153"]
[BlackFideId "2801795"]
[WhiteElo "2566"]
[BlackElo "2486"]
[Result "0-1"]
[Round "10"]
[TimeControl "180+2"]
[Date "2023.05.16"]
[WhiteClock "0:00:01"]
[BlackClock "0:00:06"]

1. d4 d5 2. Nf3 Nf6 3. Bf4 e6 4. e3 Bd6 5. Nbd2 O-O 6. Bd3 c5 7. c3 Qc7 8. Bxd6 Qxd6 9. Ne5 b6 10. Qe2 Bb7 11. O-O a5 12. Rad1 c4 13. Bc2 b5 14. f4 Nbd7 15. Qf3 Ne8 16. Qh3 g6 17. Ndf3 f6 18. Bxg6 hxg6 19. Nxg6 Kg7 20. f5 Rg8 21. fxe6 Nf8 22. Nf4 Nh7 23. Nh4 Kh8 24. Nfg6+ Rxg6 25. Nxg6+ Kg8 26. Rf3 Ng7 27. Rg3 Bc8 28. Qh6 Bxe6 29. Nf4 Ra7 30. Nh5 Qf8 31. Rf1 Rf7 32. Rf4 Kh8 33. Nxf6 Rxf6 34. Rg6 Rxf4 35. exf4 Bf5 36. Rb6 b4 37. h3 Ne6 38. Rxe6 Bxe6 39. Qxe6 Qxf4 40. Qxd5 bxc3 41. bxc3 Qe3+ 42. Kh1 Qc1+ 43. Kh2 Qxc3 44. Qe5+ Kg8 45. Qe6+ Kg7 46. d5 Nf6 47. d6 Qd4 48. d7 Nxd7 49. Qe7+ Kg6 50. Qe8+ Kf5 51. Qf7+ Nf6 52. Qb7 c3 53. g4+ Ke6 54. Qc6+ Qd6+ 55. Qxd6+ Kxd6 56. g5 c2 0-1


[Site "https://www.chess.com"]

[Event "Titled Tuesday Blitz May 16 Early 2023"]
[White "Keymer, Vincent"]
[Black "Nihal Sarin"]
[WhiteFideId "12940690"]
[BlackFideId "25092340"]
[WhiteElo "2669"]
[BlackElo "2689"]
[Result "1/2-1/2"]
[Round "10"]
[TimeControl "180+2"]
[Date "2023.05.16"]
[WhiteClock "0:00:04"]
[BlackClock "0:00:06"]

1. Nf3 d5 2. e3 Nc6 3. Bb5 Bd7 4. d4 e6 5. O-O Nf6 6. b3 Bd6 7. Bb2 Ne7 8. Bd3 b5 9. Nbd2 b4 10. Ne5 O-O 11. a3 a5 12. g4 Be8 13. f4 Nd7 14. e4 bxa3 15. Bxa3 Bxa3 16. Rxa3 Nf6 17. c3 dxe4 18. Nxe4 Ned5 19. Qd2 Nxe4 20. Bxe4 f6 21. Nd3 Qd6 22. Rfa1 Bc6 23. Rxa5 Rxa5 24. Rxa5 Nxc3 25. Bxc6 Qxc6 26. Rc5 Ne4 27. Rxc6 Nxd2 28. Nc5 Nf3+ 29. Kf2 Nxd4 30. Rxc7 Rb8 31. Ke3 e5 32. fxe5 fxe5 33. Ke4 Rb5 34. b4 Rxb4 35. Kxe5 h6 36. h3 Nf3+ 37. Kf5 Nh4+ 38. Ke6 Rf4 39. Nd7 Kh7 40. Ne5 Rf6+ 41. Kd5 Ng2 42. Ke4 Rf4+ 43. Kd5 Ne3+ 44. Kc5 Re4 45. Kd6 Rd4+ 46. Ke6 Nd5 47. Ra7 Nf4+ 48. Kf7 Nxh3 49. Nd7 Ng5+ 50. Ke8 Re4+ 51. Kd8 Kg8 52. Ra8 Kf7 53. Ra7 Re8+ 54. Kc7 Re7 55. Kc6 Re6+ 56. Kd5 Kg8 57. Ra8+ Kf7 58. Ra7 Re7 59. Ne5+ Kf6 60. Ra6+ Re6 61. Nd7+ Ke7 62. Rxe6+ Nxe6 63. Ne5 Kf6 64. Nd7+ Ke7 65. Ne5 Nd8 66. Ke4 Kf6 67. Nd7+ Kg5 68. Kf3 Nc6 69. Nc5 Ne5+ 70. Kg3 Kf6 71. Ne4+ Ke6 72. Kf4 Nd3+ 73. Ke3 Ne5 74. Kf4 g5+ 75. Kg3 Ng6 76. Nc5+ Ke5 77. Nd3+ Kd4 78. Ne1 Ne5 79. Nc2+ Kd3 80. Nb4+ Ke4 81. Nc2 Nd3 82. Na3 Nf4 83. Nb5 Ne2+ 84. Kf2 Nd4 85. Nd6+ Kf4 86. Nf7 Kxg4 87. Nxh6+ Kf4 88. Kg2 Nf3 89. Kf2 Nh4 90. Ke2 Kg3 91. Ke3 Ng2+ 92. Ke4 Nf4 93. Kf5 Nh3 94. Kg6 Kh4 95. Nf5+ Kg4 96. Nh6+ Kf4 97. Kh5 Nf2 98. Kg6 Ne4 99. Kh5 Nf6+ 100. Kg6 Nd5 101. Kh5 Ne7 102. Ng4 Nf5 103. Nf6 Ng7+ 104. Kg6 Ne6 105. Nh5+ Ke5 106. Nf6 g4 107. Nxg4+ 1/2-1/2


[Site "https://www.chess.com"]

[Event "Titled Tuesday Blitz May 16 Early 2023"]
[White "Drygalov, Sergey"]
[Black "Dubov, Daniil"]
[WhiteFideId "24171743"]
[BlackFideId "24126055"]
[WhiteElo "2533"]
[BlackElo "2793"]
[Result "1/2-1/2"]
[Round "10"]
[TimeControl "180+2"]
[Date "2023.05.16"]
[WhiteClock "0:00:05"]
[BlackClock "0:00:04"]

1. d4 Nf6 2. c4 e6 3. Nf3 d5 4. Nc3 c6 5. e3 Nbd7 6. Qc2 Bd6 7. Bd3 O-O 8. O-O dxc4 9. Bxc4 a6 10. e4 e5 11. Rd1 Qc7 12. h3 b5 13. Be2 Bb7 14. Bg5 Rfe8 15. dxe5 Nxe5 16. Nd4 b4 17. Bxf6 bxc3 18. Bxg7 cxb2 19. Qxb2 Rab8 20. Nf5 Bc8 21. Qd2 Bxf5 22. exf5 Kxg7 23. Qg5+ Ng6 24. fxg6 hxg6 25. Bf3 Re5 26. Qg4 Rbe8 27. Rac1 Qe7 28. Qc4 Re1+ 29. Rxe1 Qxe1+ 30. Qf1 Qe5 31. g3 Bc5 32. Kg2 Rb8 33. Qc4 Bd4 34. Rc2 c5 35. Qxa6 Qe1 36. Re2 Qc1 37. g4 Rb1 38. Kg3 Qg1+ 39. Bg2 Rc1 40. Qc6 Rc3+ 41. f3 Qd1 42. Qe4 Rd3 43. h4 c4 44. h5 Rd2 45. Rxd2 Qxd2 46. hxg6 f6 47. Qe7+ Kxg6 48. Qe8+ Kg7 49. Qe7+ Kh6 50. Qf8+ Kh7 51. Qf7+ Kh8 52. Qf8+ Kh7 53. f4 Qe1+ 54. Kh3 Qe3+ 55. Kh4 Qe1+ 56. Kh3 Qe3+ 57. Kh4 Qxf4 58. Qf7+ Kh8 59. Qf8+ Kh7 60. Qe7+ Kg8 61. Qe8+ Kg7 62. Qe7+ Kh6 63. Qf8+ Kh7 1/2-1/2


[Site "https://www.chess.com"]

[Event "Titled Tuesday Blitz May 16 Early 2023"]
[White "Erigaisi Arjun"]
[Black "Kamsky, Gata"]
[WhiteFideId "35009192"]
[BlackFideId "2000024"]
[WhiteElo "2719"]
[BlackElo "2660"]
[Result "1-0"]
[Round "10"]
[TimeControl "180+2"]
[Date "2023.05.16"]
[WhiteClock "0:00:38"]
[BlackClock "0:00:00"]

1. d4 Nf6 2. Nc3 d5 3. Bf4 c6 4. e3 Bf5 5. Bd3 Bg6 6. h4 Bxd3 7. cxd3 e6 8. Nf3 Nbd7 9. e4 h6 10. Qe2 Qb6 11. O-O-O Bb4 12. Rhe1 a5 13. Qc2 a4 14. a3 Bxc3 15. Qxc3 O-O 16. Kb1 Rfc8 17. g4 Nxg4 18. Rg1 h5 19. Nh2 Nxf2 20. Rdf1 Nh3 21. Rg3 Nxf4 22. Rxf4 Nf8 23. Rf1 Ng6 24. Nf3 c5 25. Ng5 cxd4 26. Qd2 Ne5 27. Qg2 Ng4 28. exd5 Rc7 29. Qe4 f5 30. Qxe6+ Qxe6 31. Nxe6 Rf7 32. Nxd4 Rd8 33. Rxf5 g6 34. Rg5 Kh7 35. Ka2 1-0


[Site "https://www.chess.com"]

[Event "Titled Tuesday Blitz May 16 Early 2023"]
[White "Durarbayli, Vasif"]
[Black "Martinez Alcantara, Jose Eduardo"]
[WhiteFideId "13402935"]
[BlackFideId "3805662"]
[WhiteElo "2551"]
[BlackElo "2711"]
[Result "0-1"]
[Round "10"]
[TimeControl "180+2"]
[Date "2023.05.16"]
[WhiteClock "0:00:00"]
[BlackClock "0:00:06"]

1. e4 c5 2. Nf3 d6 3. d4 cxd4 4. Nxd4 a6 5. c4 e6 6. Nc3 Nf6 7. Be3 b6 8. f3 h5 9. Qd2 Bb7 10. O-O-O Nbd7 11. Kb1 Rc8 12. Rc1 Be7 13. Be2 Ne5 14. Na4 Nfd7 15. h3 h4 16. Ka1 O-O 17. Rhd1 Nc6 18. Nc3 Nce5 19. Nb1 Nf6 20. Nb3 Nfd7 21. f4 Nc6 22. Bf3 Nc5 23. Nd4 Nxd4 24. Qxd4 Qc7 25. Nc3 Rfd8 26. Qd2 Bf6 27. Bd4 e5 28. Bxc5 dxc5 29. Nd5 Bxd5 30. exd5 exf4 31. d6 Qa7 32. Qxf4 Qb8 33. Rd5 b5 34. Qd2 Rc6 35. d7 Rb6 36. cxb5 Rxb5 37. Rc2 c4 38. Rxb5 axb5 39. Qd5 Qb6 40. Rd2 c3 41. Rd1 Qf2 42. Qb3 cxb2+ 43. Kb1 Qc5 44. Qc2 Qe5 45. Qb3 g6 46. Qc2 Kg7 47. Rd5 Qe1+ 48. Rd1 Qe6 49. Bg4 Qa6 50. Qb3 Qb7 51. Qd5 Qa7 52. Rf1 Qb6 53. Bd1 Qe6 54. Qxe6 fxe6 55. Bg4 Rxd7 56. Bxe6 Rd2 57. Rg1 Bd4 58. Re1 Rxg2 59. Bg4 Bc3 60. Rd1 b4 61. Be6 Kf6 62. Bc8 Kg5 63. Bd7 Kh6 64. Bc8 Re2 65. Bd7 Re7 66. Bc8 Rc7 67. Bg4 Bf6 68. Be6 Rc6 69. Bg4 Ra6 70. Be2 Ra3 71. Bg4 Kg5 72. Be6 Rg3 73. Re1 Bc3 74. Rf1 Re3 75. Bc8 Re4 76. Bd7 Rd4 77. Be6 Kh6 78. Bc8 g5 79. Be6 Kg7 80. Bc8 Rf4 81. Rd1 Kf6 82. Bd7 Ke5 83. Bc8 Rf8 84. Bg4 Ra8 85. Bf3 Ra3 86. Bd5 Bd4 87. Bb3 Ra7 88. Re1+ Kd6 89. Re6+ Kc5 90. Re2 Rg7 91. Be6 Re7 92. Bg4 Rf7 93. Re1 Bc3 94. Rd1 Rf4 95. Be6 Re4 96. Bf5 Rf4 97. Be6 Rf3 98. Bg4 Rg3 99. Be6 b3 100. axb3 Kb4 101. Rf1 Be5 102. Re1 Bd4 103. Rd1 Bc3 104. Rf1 Re3 105. Bg4 Re4 106. Bf5 Rd4 107. Bg4 Re4 108. Bf5 Rf4 109. Bd3 Bd4 110. Rd1 Bg7 111. Be2 Rf7 112. Bg4 Ra7 113. Kc2 Rc7+ 114. Kb1 Be5 115. Be6 Ka3 116. Bg4 Bf4 0-1


[Site "https://www.chess.com"]

[Event "Titled Tuesday Blitz May 16 Early 2023"]
[White "Pichot, Alan"]
[Black "Demchenko, Anton"]
[WhiteFideId "110973"]
[BlackFideId "4160258"]
[WhiteElo "2573"]
[BlackElo "2545"]
[Result "1-0"]
[Round "10"]
[TimeControl "180+2"]
[Date "2023.05.16"]
[WhiteClock "0:00:13"]
[BlackClock "0:00:03"]

1. e4 e5 2. Nf3 Nc6 3. Bb5 a6 4. Ba4 Nge7 5. O-O Ng6 6. d4 exd4 7. Nxd4 Nxd4 8. Qxd4 b5 9. Bb3 Bb7 10. Rd1 Qe7 11. c4 c5 12. Qe3 b4 13. a3 O-O-O 14. axb4 cxb4 15. f3 Qe5 16. Qf2 Bc5 17. Be3 Bxe3 18. Qxe3 f5 19. Rd5 Bxd5 20. cxd5 Kb7 21. Nd2 Nf4 22. Nc4 Qd4 23. Qxd4 Ne2+ 24. Kf2 Nxd4 25. Ba4 fxe4 26. fxe4 Nb5 27. Ke3 Rhf8 28. Ne5 Rfe8 29. Nf7 Ra8 30. Bxb5 axb5 31. Nd6+ Kb6 32. Rc1 Rf8 33. e5 Ra2 34. Rc2 b3 35. Rd2 Kc5 36. Ne4+ Kb6 37. Ng5 Rf1 38. Nf3 Rb1 39. e6 dxe6 40. dxe6 Rbxb2 41. Rxb2 Rxb2 42. e7 Ra2 43. e8=Q b2 44. Qe6+ Ka5 45. Qxa2+ Kb4 46. Qxb2+ 1-0


[Site "https://www.chess.com"]

[Event "Titled Tuesday Blitz May 16 Early 2023"]
[White "Makarian, Rudik"]
[Black "Shimanov, Aleksandr"]
[WhiteFideId "44105681"]
[BlackFideId "4198603"]
[WhiteElo "2461"]
[BlackElo "2631"]
[Result "1-0"]
[Round "10"]
[TimeControl "180+2"]
[Date "2023.05.16"]
[WhiteClock "0:00:09"]
[BlackClock "0:00:00"]

1. d4 Nf6 2. c4 e5 3. dxe5 Ng4 4. e4 Nxe5 5. f4 Nec6 6. Nc3 Bc5 7. Nf3 O-O 8. Na4 Be7 9. Bd3 Na6 10. O-O Nc5 11. Nxc5 Bxc5+ 12. Kh1 d6 13. f5 f6 14. Bd2 a5 15. Bc3 Qe7 16. Qd2 b6 17. b3 Bb4 18. a3 Bxc3 19. Qxc3 Bb7 20. Bc2 Rfe8 21. b4 Ne5 22. Nd4 Kh8 23. Rfe1 Qf7 24. c5 dxc5 25. bxc5 bxc5 26. Qxc5 Qe7 27. Qc3 c5 28. Ne6 Rec8 29. Rab1 c4 30. Red1 Bc6 31. Rb6 Be8 32. h3 h6 33. Rd5 Qa7 34. Rbd6 Nf7 35. Nxg7 Nxd6 36. Ne6 Qe7 37. Rxd6 Rc6 38. e5 Rxd6 39. exd6 Qf7 40. Bd1 Kh7 41. Qxc4 Bd7 42. Bf3 Rc8 43. Ng5+ 1-0


[Site "https://www.chess.com"]

[Event "Titled Tuesday Blitz May 16 Early 2023"]
[White "Zhigalko, Sergei"]
[Black "Gunina, Valentina"]
[WhiteFideId "13502956"]
[BlackFideId "4167570"]
[WhiteElo "2626"]
[BlackElo "2352"]
[Result "1-0"]
[Round "10"]
[TimeControl "180+2"]
[Date "2023.05.16"]
[WhiteClock "0:00:02"]
[BlackClock "0:00:00"]

1. e4 c6 2. d4 d5 3. e5 c5 4. Nf3 cxd4 5. Qxd4 Nc6 6. Qf4 e6 7. Bd3 Nb4 8. O-O Nxd3 9. cxd3 Ne7 10. Nc3 Ng6 11. Qg3 Be7 12. Re1 O-O 13. Ne2 Bd7 14. Ned4 Rc8 15. Bd2 Qb6 16. Bc3 Bb4 17. Bxb4 Qxb4 18. Rab1 Qb6 19. h4 h6 20. Re3 Rc7 21. h5 Ne7 22. Qh4 Nc6 23. Ne2 Qb4 24. Nfd4 Nxd4 25. Nxd4 Rfc8 26. a3 Rc1+ 27. Kh2 Qd2 28. Rxc1 Qxc1 29. Rg3 Kf8 30. Qg4 Ke7 31. Qxg7 Qf4 32. Nf3 Rc2 33. Qh8 Rxf2 34. Qb8 Rxf3 35. gxf3 Qd2+ 36. Kh3 1-0


[Site "https://www.chess.com"]

[Event "Titled Tuesday Blitz May 16 Early 2023"]
[White "Kovalenko, Igor"]
[Black "Ilamparthi A R"]
[WhiteFideId "14117908"]
[BlackFideId "45015775"]
[WhiteElo "2574"]
[BlackElo "2348"]
[Result "0-1"]
[Round "10"]
[TimeControl "180+2"]
[Date "2023.05.16"]
[WhiteClock "0:01:19"]
[BlackClock "0:01:46"]

1. d4 Nf6 2. Nf3 g6 3. Bg5 Bg7 4. Nbd2 O-O 5. e3 d6 6. Be2 Nbd7 7. O-O e5 8. c3 b6 9. a4 a6 10. b4 Bb7 11. b5 a5 12. dxe5 dxe5 13. Nc4 Qe8 14. Nfd2 Nc5 15. Qc2 Qe6 16. Bh4 Nd5 17. Rfe1 e4 18. Ra3 Nd3 19. Bxd3 exd3 20. Qxd3 Nf4 21. exf4 Qxe1+ 22. Qf1 Rfe8 23. h3 Bd5 24. Qxe1 Rxe1+ 25. Kh2 Bf8 26. Ra2 Re2 27. Rb2 Rae8 28. Ne3 R8xe3 29. fxe3 Rxg2+ 0-1


[Site "https://www.chess.com"]

[Event "Titled Tuesday Blitz May 16 Early 2023"]
[White "JeRoma71"]
[Black "Yeletsky, Ivan"]
[BlackFideId "24180327"]
[WhiteElo "2862"]
[BlackElo "2380"]
[Result "0-1"]
[Round "10"]
[TimeControl "180+2"]
[Date "2023.05.16"]
[WhiteClock "0:00:00"]
[BlackClock "0:00:12"]

1. Nf3 g6 2. e4 c5 3. Nc3 Bg7 4. d3 Nc6 5. Be3 d6 6. Qd2 Nf6 7. Bh6 O-O 8. h4 Bg4 9. Be2 Qa5 10. Bxg7 Kxg7 11. h5 Bxh5 12. O-O-O Nd4 13. Ng1 b5 14. Bxh5 b4 15. Bxg6 fxg6 16. Qh6+ Kf7 17. Nd5 Qxa2 18. Nxf6 Kxf6 19. Qh4+ Kf7 20. Qxh7+ Ke8 21. Qxg6+ Kd7 22. Nf3 Qa1+ 23. Kd2 Qxb2 24. Nxd4 cxd4 25. Qg4+ Kd8 26. Ke2 Qxc2+ 27. Rd2 Rxf2+ 28. Kxf2 Qxd2+ 29. Kg3 Kc7 30. Rh7 Re8 31. Kh2 Kb6 32. Qd7 Qf4+ 33. g3 Qf2+ 34. Kh3 Qf1+ 35. Kh2 Rf8 0-1


[Site "https://www.chess.com"]

[Event "Titled Tuesday Blitz May 16 Early 2023"]
[White "Bortnyk, Olexandr"]
[Black "Salinas Herrera, Pablo"]
[WhiteFideId "14120828"]
[BlackFideId "3407128"]
[WhiteElo "2734"]
[BlackElo "2546"]
[Result "0-1"]
[Round "10"]
[TimeControl "180+2"]
[Date "2023.05.16"]
[WhiteClock "0:00:00"]
[BlackClock "0:00:07"]

1. d4 d6 2. Nc3 Nf6 3. e4 g6 4. Bg5 Bg7 5. Qd2 Nbd7 6. Bh6 Bxh6 7. Qxh6 c6 8. f3 Qa5 9. O-O-O b5 10. Kb1 b4 11. Nce2 Ba6 12. Nc1 Bxf1 13. Rxf1 Qb5 14. Nge2 a5 15. g4 a4 16. h4 Nb6 17. h5 g5 18. e5 dxe5 19. Qxg5 Nc4 20. Nd3 b3 21. Nc3 bxc2+ 22. Kxc2 Qb6 23. dxe5 Ne3+ 24. Kb1 Qd4 25. Nc1 h6 26. Qh4 Rb8 27. exf6 Qxc3 28. Rf2 Nc4 29. Qh2 e5 30. Re2 O-O 31. g5 Rfd8 32. gxh6 Kh8 33. Rg1 Nd2+ 34. Rxd2 Rxd2 0-1


[Site "https://www.chess.com"]

[Event "Titled Tuesday Blitz May 16 Early 2023"]
[White "Pakleza, Zbigniew"]
[Black "Lazavik, Denis"]
[WhiteFideId "1119290"]
[BlackFideId "13515110"]
[WhiteElo "2410"]
[BlackElo "2560"]
[Result "0-1"]
[Round "10"]
[TimeControl "180+2"]
[Date "2023.05.16"]
[WhiteClock "0:00:00"]
[BlackClock "0:01:32"]

1. d4 Nf6 2. Nf3 d5 3. Bf4 c5 4. c3 Nc6 5. Nbd2 cxd4 6. cxd4 Nh5 7. Be5 f6 8. Bg3 Qb6 9. Qb3 Qxb3 10. Nxb3 Nxg3 11. hxg3 e6 12. e3 Kf7 13. Bd3 g6 14. a3 Bd6 15. Rc1 Ne7 16. g4 b6 17. g5 Bd7 18. Ke2 Kg7 19. gxf6+ Kxf6 20. g4 h5 21. g5+ Kg7 22. Ne5 Ba4 23. Nd2 Rhc8 24. f4 Be8 25. Ndf3 b5 26. Ra1 a5 27. Rhc1 a4 28. Kd1 Rcb8 29. Be2 b4 30. Nd3 bxa3 31. bxa3 Rb3 32. Nfe5 Nf5 33. Kd2 Rxa3 34. Rxa3 Bxa3 35. Rc7+ Kf8 36. Nc5 Bxc5 37. dxc5 a3 38. c6 a2 0-1


[Site "https://www.chess.com"]

[Event "Titled Tuesday Blitz May 16 Early 2023"]
[White "Averjanov, Alexey"]
[Black "Nguyen, Ngoc Truong Son"]
[WhiteFideId "14109867"]
[BlackFideId "12401110"]
[WhiteElo "2810"]
[BlackElo "2556"]
[Result "1-0"]
[Round "10"]
[TimeControl "180+2"]
[Date "2023.05.16"]
[WhiteClock "0:00:06"]
[BlackClock "0:00:00"]

1. d4 Nf6 2. c4 d6 3. Nf3 Nbd7 4. Nc3 e5 5. e4 g6 6. Be2 Bg7 7. O-O O-O 8. Qc2 c6 9. Rd1 Qe7 10. d5 Ne8 11. b4 a5 12. dxc6 bxc6 13. b5 Bb7 14. bxc6 Bxc6 15. Nd5 Bxd5 16. cxd5 Nc5 17. Be3 Rc8 18. Nd2 f5 19. f3 Nf6 20. Rac1 fxe4 21. Nxe4 Nfxe4 22. fxe4 Qh4 23. Bxc5 Rxc5 24. Qd3 Qf2+ 25. Kh1 Rfc8 26. Rxc5 Qxc5 27. Rf1 h5 28. Qf3 Rf8 29. Qd3 Rf4 30. g3 Rxf1+ 31. Bxf1 Bh6 32. Kg2 a4 33. Be2 a3 34. Qb5 Qc2 35. Qc4 Qd2 36. Kf1 Kh7 37. h4 Bg7 38. Kf2 Qb2 39. Kf1 Qb6 40. g4 hxg4 41. Bxg4 Qe3 42. Qe2 Qf4+ 43. Qf3 Qc1+ 44. Qd1 Qb2 45. Qe2 Bf6 46. h5 g5 47. Qf3 1-0


[Site "https://www.chess.com"]

[Event "Titled Tuesday Blitz May 16 Early 2023"]
[White "Quesada Perez, Yuniesky"]
[Black "Bondau"]
[WhiteFideId "3504409"]
[WhiteElo "2585"]
[BlackElo "2787"]
[Result "1-0"]
[Round "10"]
[TimeControl "180+2"]
[Date "2023.05.16"]
[WhiteClock "0:00:13"]
[BlackClock "0:00:05"]

1. e4 c5 2. Nf3 d6 3. d4 cxd4 4. Nxd4 Nf6 5. Nc3 g6 6. Be3 Bg7 7. f3 O-O 8. Qd2 Nc6 9. Bc4 Bd7 10. O-O-O Rc8 11. Bb3 Ne5 12. h4 h5 13. Kb1 b5 14. Bh6 b4 15. Bxg7 Kxg7 16. Nd5 Nxd5 17. Bxd5 a5 18. f4 Nc4 19. Bxc4 Rxc4 20. f5 e5 21. fxe6 Bxe6 22. Rhf1 Bg4 23. Rde1 Qe7 24. b3 Rc5 25. Rf4 Qe5 26. Ref1 f6 27. R1f2 Rf7 28. Rf1 d5 29. Re1 dxe4 30. Rfxe4 Qd5 31. Re7 Rc7 32. R7e4 Rcd7 33. Qf2 a4 34. bxa4 Qa5 35. Rxg4 hxg4 36. Ne6+ Kh7 37. Nc5 Rc7 38. Ne4 Qxa4 39. Nxf6+ Kg7 40. Ne8+ Qxe8 41. Qd4+ Kf8 42. Qh8# 1-0


[Site "https://www.chess.com"]

[Event "Titled Tuesday Blitz May 16 Early 2023"]
[White "Ivic, Velimir"]
[Black "Wagner, Dennis"]
[WhiteFideId "950122"]
[BlackFideId "24650684"]
[WhiteElo "2563"]
[BlackElo "2478"]
[Result "1-0"]
[Round "10"]
[TimeControl "180+2"]
[Date "2023.05.16"]
[WhiteClock "0:00:07"]
[BlackClock "0:00:04"]

1. e4 e5 2. Nf3 Nc6 3. Bb5 a6 4. Ba4 Nf6 5. O-O Be7 6. Re1 b5 7. Bb3 O-O 8. a4 b4 9. d4 d6 10. dxe5 dxe5 11. Bg5 Qxd1 12. Rxd1 Bd6 13. Nbd2 Na5 14. Bxf6 Nxb3 15. cxb3 gxf6 16. Nc4 Rd8 17. Nh4 Be6 18. Nf5 Bc5 19. Kf1 h5 20. Ke2 Bxf5 21. exf5 Bd4 22. Rd3 Kg7 23. Rad1 Kh6 24. h4 c5 25. Kf3 Kg7 26. Ke4 Kf8 27. g4 hxg4 28. Rg1 Ke7 29. Rxg4 Bxf2 30. h5 Rd4+ 31. Rxd4 cxd4 32. Rg2 Bh4 33. Rh2 Bg5 34. h6 Rh8 35. h7 Kf8 36. a5 Kg7 37. Nd6 Bf4 38. Rh1 Rxh7 39. Ne8+ Kh8 40. Rxh7+ Kxh7 41. Nxf6+ Kh6 42. Nd5 Kg5 43. Nxb4 Bd2 44. Nc6 f6 45. b4 Be1 46. b5 axb5 47. a6 d3 48. Kxd3 Bf2 49. Ke4 b4 50. Nxb4 1-0


[Site "https://www.chess.com"]

[Event "Titled Tuesday Blitz May 16 Early 2023"]
[White "Postny, Evgeny"]
[Black "Sychev, Klementy"]
[WhiteFideId "2804344"]
[BlackFideId "4114060"]
[WhiteElo "2504"]
[BlackElo "2583"]
[Result "0-1"]
[Round "10"]
[TimeControl "180+2"]
[Date "2023.05.16"]
[WhiteClock "0:00:16"]
[BlackClock "0:00:04"]

1. e4 e5 2. Nf3 Nc6 3. Bb5 a6 4. Ba4 f5 5. d3 fxe4 6. dxe4 Nf6 7. Nbd2 Bc5 8. Bb3 d6 9. h3 Na5 10. Qe2 Nxb3 11. Nxb3 Ba7 12. Be3 O-O 13. Bxa7 Rxa7 14. O-O-O Qe7 15. Ne1 a5 16. a3 Be6 17. Nd2 Rb8 18. Nd3 c5 19. f4 c4 20. Qe3 b5 21. fxe5 dxe5 22. Nxe5 Rc7 23. Ndf3 c3 24. Nd4 cxb2+ 25. Kxb2 Qc5 26. Nxe6 Qxe3 27. Nxc7 b4 28. Rd3 bxa3+ 29. Ka1 Qc5 0-1


[Site "https://www.chess.com"]

[Event "Titled Tuesday Blitz May 16 Early 2023"]
[White "Bacrot, Etienne"]
[Black "Papasimakopoulos, Alexandros"]
[WhiteFideId "605506"]
[BlackFideId "4244125"]
[WhiteElo "2672"]
[BlackElo "2359"]
[Result "1-0"]
[Round "10"]
[TimeControl "180+2"]
[Date "2023.05.16"]
[WhiteClock "0:00:24"]
[BlackClock "0:00:05"]

1. e4 e6 2. d3 d5 3. Nd2 c5 4. Ngf3 Nc6 5. g3 Nge7 6. Bg2 g6 7. h4 h6 8. c3 Bg7 9. Qe2 a5 10. a4 b6 11. O-O O-O 12. Rd1 Ba6 13. Nh2 Kh7 14. f4 dxe4 15. Nxe4 Nf5 16. h5 Rc8 17. hxg6+ fxg6 18. Nf3 Qc7 19. g4 Nd6 20. Nfg5+ hxg5 21. Nxg5+ Kh8 22. Bxc6 Bf6 23. Bg2 Bxg5 24. fxg5 Bb7 25. Qe5+ Kh7 26. Bf4 Bxg2 27. Kxg2 Qc6+ 28. Kg3 Nf7 29. Qf6 e5 30. Bxe5 Qxf6 31. Bxf6 Kg8 32. Rh1 Rc6 33. Rae1 Rd6 34. Re3 Rd5 35. c4 Rd7 36. Kg2 Nd8 37. Rh8+ Kf7 38. Rh7+ Kg8 39. Rxd7 Nf7 40. Ree7 Nxg5 41. Rg7+ Kh8 42. Rh7+ Kg8 43. Rdg7# 1-0


[Site "https://www.chess.com"]

[Event "Titled Tuesday Blitz May 16 Early 2023"]
[White "Hossain, Enamul"]
[Black "Bharath Subramaniyam H"]
[WhiteFideId "10200649"]
[BlackFideId "46634827"]
[WhiteElo "2433"]
[BlackElo "2400"]
[Result "1-0"]
[Round "10"]
[TimeControl "180+2"]
[Date "2023.05.16"]
[WhiteClock "0:00:14"]
[BlackClock "0:00:03"]

1. e4 c5 2. Nf3 Nf6 3. e5 Nd5 4. g3 Nc6 5. Bg2 d6 6. exd6 e6 7. O-O Bxd6 8. Na3 O-O 9. d3 Be7 10. Re1 Bf6 11. Nc4 Nd4 12. c3 Nxf3+ 13. Qxf3 Bd7 14. Ne5 Bxe5 15. Rxe5 Bc6 16. Qe2 Rc8 17. Bd2 b6 18. Re1 Ne7 19. Bg5 Bxg2 20. Kxg2 Qd7 21. Bxe7 Qxe7 22. Qf3 Rfd8 23. h4 Qd7 24. R1e3 Qa4 25. h5 h6 26. a3 Qb5 27. b4 Qa4 28. g4 cxb4 29. cxb4 Qc6 30. R3e4 Qc3 31. Re3 Qc6 32. R3e4 Qd6 33. d4 Qe7 34. d5 Qb7 35. dxe6 fxe6 36. Rxe6 Rf8 37. Rf4 Qxf3+ 38. Rxf3 Rxf3 39. Kxf3 Rc3+ 40. Re3 Rc2 41. Kg3 Ra2 42. f3 a5 43. bxa5 bxa5 44. Kf4 a4 45. Kf5 Kf7 46. Rc3 Rb2 47. Rc7+ Kg8 48. Rc4 Rb3 49. f4 Rb5+ 50. Ke6 Ra5 51. f5 Ra6+ 52. Ke5 Kf7 53. Rc7+ Kf8 54. Rd7 Rb6 55. Rd4 Ra6 56. Kd5 Kf7 57. Kc5 Kf6 58. Kb5 Ra8 59. Rxa4 Rb8+ 60. Kc6 Kg5 61. Rb4 Rc8+ 62. Kd7 Rc3 63. a4 Rc5 64. Kd6 Ra5 65. Kc6 Ra8 66. Kb7 Re8 67. a5 Re1 68. a6 Re7+ 69. Kb6 1-0


[Site "https://www.chess.com"]

[Event "Titled Tuesday Blitz May 16 Early 2023"]
[White "Alex_Sahakyan2006"]
[Black "Ibarra Jerez, Jose Carlos"]
[BlackFideId "2226332"]
[WhiteElo "2684"]
[BlackElo "2638"]
[Result "0-1"]
[Round "10"]
[TimeControl "180+2"]
[Date "2023.05.16"]
[WhiteClock "0:00:05"]
[BlackClock "0:00:15"]

1. d4 c5 2. d5 Nf6 3. Nc3 g6 4. e4 d6 5. f4 Bg7 6. Nf3 O-O 7. Bc4 b5 8. Nxb5 Nxe4 9. O-O Nd7 10. Bd3 Nef6 11. c4 Nb6 12. h3 e6 13. dxe6 Bxe6 14. b3 d5 15. Bb2 dxc4 16. Bc2 cxb3 17. axb3 Nbd5 18. f5 gxf5 19. Qc1 f4 20. Ng5 Bd7 21. Nd6 Qe7 22. Nc4 h6 23. Re1 Qd8 24. Ne4 Be6 25. Nxc5 Bc8 26. Ne4 f3 27. gxf3 Bxh3 28. Kh2 Be6 29. Rg1 Ng4+ 30. Rxg4 Bxg4 31. fxg4 Qh4+ 32. Kg2 Qxg4+ 33. Kh2 Nf4 34. Qe1 Qg2# 0-1


[Site "https://www.chess.com"]